 Dungeon Crawl Stone Soup version 0.19-a0-892-g8a19e52 (webtiles) character file.

1612 mopl the Chopper (level 8, -1/69 HPs)
             Began as a Hill Orc Wanderer on July 4, 2016.
             Slain by a wyvern zombie (9 damage)
             ... on level 6 of the Dungeon.
             The game lasted 00:14:06 (7266 turns).

mopl the Chopper (Hill Orc Wanderer)                Turns: 7266, Time: 00:14:07

Health: -1/69      AC:  8    Str: 15    XL:     8   Next: 95%
Magic:  11/11      EV: 12    Int: 14    God:
Gold:   146        SH:  0    Dex: 10    Spells: 1 memorised, 9 levels left

rFire  . . .     SeeInvis .     k - +0 whip
rCold  + . .     Gourm    .     v - +1 leather armour {rC+}
rNeg   . . .     Faith    .     (no shield)
rPois  .         Spirit   .     I - +0 helmet
rElec  .         Dismiss  .     r - +0 cloak
rCorr  .         Reflect  .     d - +0 pair of gloves
SustAt .         Harm     .     (no boots)
MR     .....                    t - amulet of rage
Stlth  +.........               (no ring)
                                o - +3 ring of slaying

@: exhausted, slowed, very slow, not resistant to hostile enchantments, very
unstealthy
A: no striking features
a: Evoke Berserk Rage


You were on level 6 of the Dungeon.
You were very hungry.

You visited 1 branch of the dungeon, and saw 6 of its levels.

You collected 146 gold pieces.

Inventory:

Hand Weapons
 e - a +0 club
 k - a +0 whip (weapon)
 B - a +0 hand axe
 G - a cursed -3 hand axe
Missiles
 b - 69 bolts
 g - 230 stones (quivered)
 y - 8 tomahawks
Armour
 d - a +0 pair of gloves (worn)
 r - a +0 cloak (worn)
 v - a +1 leather armour of cold resistance (worn)
 w - a +0 chain mail
 z - a +0 scale mail
 D - a +0 plate armour
 I - a +0 helmet (worn)
Jewellery
 o - a +3 ring of slaying (left hand)
 t - an amulet of rage (around neck)
Wands
 p - a wand of random effects (21/48)
 O - a wand of flame (48/48)
Scrolls
 h - 2 scrolls of remove curse {unknown}
 j - 2 scrolls of immolation {unknown}
 l - 2 scrolls of enchant armour {unknown}
 m - a scroll of enchant weapon {unknown}
 n - 2 scrolls of magic mapping
 s - 2 scrolls of recharging
 u - a scroll of fear {unknown}
 C - a scroll of noise {unknown}
 J - a scroll of blinking {unknown}
 P - a scroll of fog {unknown}
Potions
 q - 2 potions of heal wounds
 A - a potion of agility
 E - a potion of cancellation
 F - a potion of haste {unknown}
 H - 2 potions of flight
 N - a potion of degeneration {unknown}
 Q - a potion of invisibility
Books
 a - a book of Minor Magic

   Spells                             Type                      Level
   a - Magic Dart                     Conjuration                  1
   b - Blink                          Translocation                2
   c - Call Imp                       Summoning                    2
   d - Repel Missiles                 Charms/Air                   2
   e - Slow                           Hexes                        2
   f - Conjure Flame                  Conjuration/Fire             3
   g - Mephitic Cloud                 Conjuration/Poison/Air       3
 c - the Disquisition on the Voyage

   Spells                             Type                      Level
   a - Apportation                    Translocation                1
   b - Recall                         Summoning/Translocation      3
 i - a Necronomicon

   Spells                             Type                      Level
   a - Haunt                          Necromancy/Summoning         7
   b - Borgnjor's Revivification      Necromancy                   8
   c - Death's Door                   Charms/Necromancy            8
   d - Infestation                    Necromancy                   8
   e - Necromutation                  Transmutation/Necromancy     8
 L - a book of the Sky

   Spells                             Type                      Level
   a - Summon Lightning Spire         Summoning/Air                4
   b - Airstrike                      Air                          4
   c - Silence                        Hexes/Air                    5
   d - Deflect Missiles               Charms/Air                   6
   e - Conjure Ball Lightning         Conjuration/Air              6
   f - Tornado                        Air                          9
Comestibles
 f - 3 bread rations
 x - 2 beef jerkies
 M - a meat ration


   Skills:
 + Level 5.5 Fighting
   Level 1.1 Long Blades
 * Level 6.7 Axes
 - Level 3.1 Throwing
 + Level 4.9 Armour
 + Level 3.7 Dodging
 - Level 1.0 Stealth
 - Level 1.5 Spellcasting
 - Level 1.5 Translocations
   Level 1.0 Earth Magic
 + Level 4.0 Evocations


You had 9 spell levels left.
You knew the following spells:

 Your Spells              Type           Power        Failure   Level  Hunger
a - Apportation           Tloc           #.........   21%         1    ##.....


Dungeon Overview and Level Annotations

Branches:
Dungeon (6/15)
 Temple: D:4-7

Altars:
Dithmenos
Fedhas
Kikubaaqudgha
Makhleb
Qazlal
Xom
The Shining One

Shops:
D:5 =

Portals:
Sewer: D:6


Message History

You hit the wyvern zombie. The wyvern zombie barely misses you. x2
You hit the wyvern zombie. The wyvern zombie closely misses you.
You barely miss the wyvern zombie. The wyvern zombie closely misses you.
The wyvern zombie bites you!
* * * LOW HITPOINT WARNING * * *
You whack the wyvern zombie!
The wyvern zombie bites you but does no damage.
The wyvern zombie barely misses you.
A hound comes into view.
You barely miss the wyvern zombie.
The hound barks!
You hear an angry hiss.
The wyvern zombie misses you. The wyvern zombie bites you!
* * * LOW HITPOINT WARNING * * *
As you read the scroll labeled SAHU ROGIXUZEI, it crumbles to dust.
It is a scroll of recharging.
Charge which item? (? for menu, Esc to quit)
Your wand of flame glows for a moment.
The hound bites you.
* * * LOW HITPOINT WARNING * * *
The wyvern zombie bites you!
You die... ............# ............# ...........#### ..........#.... #............. ............. #hZ........ ws≈

#.@......#
≈wr≈#........#
≈≈≈≈w#........#
≈ss≈≈#........#### #
#+####...........# ...
...............# ...
...............####...
#......................
#......................


You could see a worm, a hound, a wyvern zombie and a giant cockroach.

Vanquished Creatures
  2 ice beasts
  A phantom (D:4)
  3 ogres
  3 centaurs
  A scorpion (D:4)
  A howler monkey (D:5)
  A giant frog skeleton (D:4)
  Jessica (D:2)
  Ijyb (D:2)
  Terence (D:3)
  3 iguanas
  7 orc wizards
  Natasha (thrice) (D:4)
  4 worker ants
  A worker ant zombie (D:5)
  Robin (D:4)
  8 adders
  A shadow imp (D:3)
  An adder skeleton (D:4)
  4 worms (D:2)
  4 dart slugs
  2 giant geckos
  16 orcs
  4 giant cockroaches
  15 goblins
  7 hobgoblins
  6 jackals
  4 kobolds
  3 quokkas
  2 ball pythons
  8 bats
  4 giant newts
  9 rats
132 creatures vanquished.

Notes
Turn   | Place    | Note
-------+----------+-------------------------------------------
     0 | D:1      | mopl the Hill Orc Wanderer began the quest for the Orb.
     0 | D:1      | mopl set off with: a book of Minor Magic, a scroll of teleportation, the Disquisition on the Voyage, a +0 robe, a +0 club, a bread ration
     0 | D:1      | Reached XP level 1. HP: 16/16 MP: 3/3
     0 | D:1      | Identified the Disquisition on the Voyage
     2 | D:1      | Learned a level 1 spell: Apportation
   264 | D:1      | Found a shimmering altar of Xom.
   282 | D:1      | Reached skill level 2 in Throwing
   285 | D:1      | Reached XP level 2. HP: 14/23 MP: 4/4
   641 | D:1      | Reached skill level 1 in Armour
   746 | D:1      | Reached XP level 3. HP: 28/28 MP: 5/5
   926 | D:2      | Reached skill level 1 in Dodging
  1165 | D:2      | Reached XP level 4. HP: 36/36 MP: 6/6
  1283 | D:2      | Noticed Jessica
  1436 | D:2      | Killed Jessica
  1436 | D:2      | Reached skill level 2 in Fighting
  1436 | D:2      | Reached skill level 2 in Armour
  1816 | D:2      | Reached skill level 3 in Throwing
  1816 | D:2      | Reached XP level 5. HP: 42/42 MP: 7/7
  2038 | D:2      | Noticed Ijyb
  2047 | D:2      | Killed Ijyb
  2625 | D:3      | Found a blossoming altar of Fedhas.
  2625 | D:3      | Noticed Terence
  2636 | D:3      | Killed Terence
  2636 | D:3      | Reached skill level 3 in Fighting
  2657 | D:3      | Found a shadowy altar of Dithmenos.
  2659 | D:3      | Found a stormy altar of Qazlal.
  2698 | D:3      | Found a glowing golden altar of the Shining One.
  3263 | D:4      | Noticed an ogre
  3276 | D:4      | Killed an ogre
  3276 | D:4      | Reached skill level 1 in Axes
  3276 | D:4      | Reached skill level 3 in Armour
  3276 | D:4      | Reached skill level 2 in Dodging
  3276 | D:4      | Reached skill level 1 in Evocations
  3276 | D:4      | Reached XP level 6. HP: 51/51 MP: 8/8
  3318 | D:4      | Noticed Robin
  3326 | D:4      | Reached skill level 2 in Axes
  3565 | D:4      | Noticed a phantom
  3821 | D:4      | Noticed Natasha
  4156 | D:3      | Reached XP level 7. HP: 11/58 MP: 9/9
  4415 | D:4      | Killed Natasha
  4415 | D:4      | Reached skill level 2 in Evocations
  4434 | D:4      | Reached skill level 3 in Axes
  4581 | D:4      | Reached skill level 4 in Fighting
  4985 | D:4      | Noticed Natasha
  5006 | D:4      | Killed Natasha
  5010 | D:4      | Killed Robin
  5035 | D:4      | Noticed Natasha
  5047 | D:4      | Killed Natasha
  5047 | D:4      | Reached skill level 4 in Axes
  5344 | D:4      | Reached skill level 4 in Armour
  5344 | D:4      | Reached XP level 8. HP: 34/67 MP: 10/10
  5527 | D:4      | Reached skill level 3 in Dodging
  5527 | D:4      | Reached skill level 3 in Evocations
  5542 | D:4      | Reached skill level 5 in Axes
  6002 | D:5      | Entered Level 5 of the Dungeon
  6069 | D:5      | Reached skill level 5 in Fighting
  6240 | D:5      | Reached skill level 6 in Axes
  6604 | D:5      | Found a burning altar of Makhleb.
  7138 | D:5      | Found Geatalidu's Jewellery Shoppe.
  7203 | D:6      | Found an ancient bone altar of Kikubaaqudgha.
  7242 | D:6      | Reached skill level 4 in Evocations
  7251 | D:6      | Found a glowing drain.
  7266 | D:6      | Slain by a wyvern zombie

Vault maps used:
D:1:      minmay_arrival_plants_in_alcoves, grunt_decor_cap, xom_teletrap_fun
D:2:      uniq_iyjb, uniq_jessica
D:3:      grunt_temple_overflow_open, first_bread,
          nicolae_tso_swordbearing_angel, uniq_terence
D:4:      uniq_natasha, uniq_robin
D:5:      nicolae_overflow_hidden_temple, serial_shops, shop_statue
D:6:      kennysheep_mini_moat, portal_sewer_entry_c, minivault_24

Skill      XL: |  1  2  3  4  5  6  7  8 |
---------------+-------------------------+-----
Throwing       | 2 3 |  3.1
Armour         | 1 2 3 4 |  4.9
Dodging        | 1 2 3 |  3.7
Fighting       | 2 3 4 5 |  5.5
Axes           | 1 2 4 6 |  6.7
Evocations     | 1 2 4 |  4.0
Long Blades    | |  1.1
Stealth        | |  1.0
Spellcasting   | |  1.5
Translocations | |  1.5
Earth Magic    | |  1.0

Action                   |  1- 3 |  4- 6 |  7- 9 || total
-------------------------+-------+-------+-------++-------
Melee: Whip              |    92 |   295 |   363 ||   750
       Club              |     9 |       |       ||     9
 Abil: Evoke Berserk Rag |     2 |     7 |     7 ||    16
  Use: Scroll            |     2 |     2 |     4 ||     8
       Potion            |       |     1 |       ||     1
 Stab: Sleeping          |       |       |     1 ||     1
  Eat: Chunk             |     1 |    15 |    14 ||    30
       Pizza             |       |       |     1 ||     1
Armor: Robe              |    17 |       |       ||    17
       Leather armour    |    10 |     5 |   108 ||   123
       Ring mail         |    13 |    89 |       ||   102
       Scale mail        |       |    83 |       ||    83
Dodge: Dodged            |    57 |   204 |   177 ||   438
